 Dungeon Crawl Stone Soup version 0.27-a0-1590-g15f69828bf (webtiles) character file.

Game seed: 2165761188452678680

47 Aviak the Magician (level 3, 0/40 HPs)
             Began as a Djinni Conjurer on July 18, 2021.
             Slain by a gnoll (4 damage)
             ... on level 2 of the Dungeon.
             The game lasted 00:01:39 (1891 turns).

Aviak the Magician (Djinni Conjurer)                Turns: 1891, Time: 00:01:40

Health: 0/40       AC:  2    Str:  6    XL:     3   Next: 97%
Gold:   64         EV: 12    Int: 20    God:
                   SH:  0    Dex: 11

rFire    + + .     SeeInvis .   (no weapon)
rCold    x . .     Faith    .   (no shield)
rNeg     . . .     Spirit   .   a - +0 robe
rPois    ∞         Reflect  .   (no helmet)
rElec    .         Harm     .   (no cloak)
rCorr    .         Rampage  .   (no gloves)
Will     .....                  (boots unavailable)
Stlth    ..........             (no amulet)
HPRegen  0.13/turn              (no ring)
MPRegen  0.00/turn              (no ring)

@: berserking, flying, very quick
A: sickness immunity, fire resistance 2, cold vulnerability 1, float, innate
caster, hp casting, extra vitality 1
a: no special abilities


You were on level 2 of the Dungeon.
You visited 1 branch of the dungeon, and saw 2 of its levels.

You collected 64 gold pieces.

Inventory:

Armour
 a - a +0 robe (worn)
Scrolls
 b - a scroll of immolation {unknown}
 e - a scroll of identify {unknown}
 f - a scroll of vulnerability {unknown}
Potions
 d - 2 potions of lignification {unknown}
 g - a potion of curing {unknown}


   Skills:
 + Level 1.6 Fighting
 + Level 3.0 Dodging
 - Level 1.5 Stealth
 + Level 3.6 Spellcasting


You couldn't memorise any spells.
You knew the following spells:

 Your Spells              Type           Power      Damage    Failure   Level
a - Magic Dart            Conj           72%        1d6       3%          1
b - Searing Ray           Conj           36%        3d4       4%          2
c - Dazzling Flash        Conj/Hex       36%        N/A       9%          3
d - Fulminant Prism       Conj/Hex       9%         3d7       30%         4
e - Iskenderun's Mystic   Conj/Tloc      18%        2d6       30%         4
f - Beastly Appendage     Tmut           36%        N/A       3%          1
Your spell library was empty.

Dungeon Overview and Level Annotations

Branches:
Dungeon (2/15)

Altars:

Shops:
D:1 !


Innate Abilities, Weirdness & Mutations

You are immune to sickness and miasma.
You are immune to poison.
Your flesh is very heat resistant. (rF++)
You are vulnerable to cold. (rC-)
You float through the air rather than walking.
You learn spells naturally, not from books.
Your magical power is your life essence.
You have superior vitality. (+4 HP)


Message History

Confirm with . or Enter, or press ? or * to list all spells.
Aiming: Magic Dart (safe; 3% risk of failure)
Press: ? - help, Shift-Dir - straight line, f/p - bat
Aim: a bat (moderately wounded, 100% to hit)
The magic dart hits the bat.
You kill the bat!
You see here a bat corpse.
Your magical contamination has completely faded away.
You see here a bat corpse.
There is an open door here.
Found 25 bolts.
You see here 25 bolts.
Found 18 gold pieces.
You now have enough gold to buy a potion of heal wounds on D:1.
You can access your shopping list by pressing '$'.
You now have 64 gold pieces (gained 18).
Found a stone staircase leading up.
There is a stone staircase leading up here. 3 gnolls come into view.
The gnoll shouts! x2
The gnoll hits you from afar with a +0 halberd!
There are monsters nearby!
Casting: Magic Dart (safe; 3% risk of failure)
Confirm with . or Enter, or press ? or * to list all spells.
Aiming: Searing Ray (safe; 4% risk of failure)
Press: ? - help, Shift-Dir - straight line, f - gnoll
Aim: a gnoll, wielding a +0 halberd (81% to hit)
Okay, then.
A goblin comes into view. It is wielding a +0 dagger.
The goblin shouts!
The gnoll barely misses you.
The gnoll hits you from afar with a +0 halberd!
Ouch! That really hurt!
* * * LOW HITPOINT WARNING * * *
Unknown command.
It was a potion of berserk rage.
A red film seems to cover your vision as you go berserk!
You feel yourself moving faster!
You feel mighty! The gnoll hits you with a +0 whip.
You die...

.....################.#
###### #...#....g...#.#
#g#.#.######.#.#
#.#........# #.#
#.#..<#g#..# #(# ##
#g##..#.# # #.# .#
#..g..#.. #.# .#
#####g########.# .#
#.ggg@.....# ##
############


You could see 3 gnolls and a goblin.

Vanquished Creatures
  2 adders (D:2)
  3 dart slugs
  An orc (D:2)
  2 bats
  2 endoplasms
  2 giant cockroaches
  2 hobgoblins
  2 kobolds (D:1)
  A quokka (D:1)
  2 ball pythons (D:2)
  A frilled lizard (D:2)
  3 rats
23 creatures vanquished.

Vanquished Creatures (others)
  5 toadstools (D:1)
5 creatures vanquished.

Grand Total: 28 creatures vanquished

Notes
Turn   | Place    | Note
-------+----------+-------------------------------------------
     0 | D:1      | Aviak the Djinni Conjurer began the quest for the Orb.
     0 | D:1      | Reached XP level 1. HP: 15/15 MP: 0/0
   218 | D:1      | Reached XP level 2. HP: 17/22 MP: 0/0
   506 | D:1      | Reached skill level 1 in Fighting
   703 | D:1      | Found Syuch's Distillery.
  1167 | D:2      | Reached XP level 3. HP: 16/27 MP: 0/0
  1167 | D:2      | Learned a level 1 spell: Beastly Appendage
  1454 | D:2      | Found a faded altar of an unknown god.
  1891 | D:2      | Slain by a gnoll

Illustrated notes

Levels and vault maps discovered:
D:1:      ldierk_walled_garden, layout_loops_ring, serial_shops, shop
D:2:      layout_basic, hellmonk_ecumenical_altar_inner_sanctum,
          grunt_decor_fettered, lemuel_another_geyser

Skill      XL: |  1  2  3 |
---------------+----------+-----
Fighting       | 1 |  1.6
Dodging        | 3 |  3.0
Stealth        | |  1.5
Spellcasting   | |  3.6

Action                   || total
-------------------------++-------
 Cast: Magic Dart        ||    49
       Searing Ray       ||     2
  Use: Potion            ||     1
Armor: Robe              ||     1
Dodge: Dodged            ||     4

Table legend: (Time is in decaauts)
 A = Elapsed time spent in this place.
 B = Non-inter-level travel time spent in this place.
 C = Inter-level travel time spent in this place.
 D = Time resting spent in this place.
 E = Time spent auto-exploring this place.
 F = Levels seen in this place.
 G = Mean time per level.
                   A        B        C        D        E       F      G
               +--------+--------+--------+--------+--------+-----+--------+
         Total |   1890 |   1856 |     34 |    172 |   1509 |   2 |  945.0 |
       Dungeon |   1890 |   1856 |     34 |    172 |   1509 |   2 |  945.0 |
               +--------+--------+--------+--------+--------+-----+--------+

Top non-repeatable levels by time:
     D:1: 1153 daAuts
     D:2: 737 daAuts
